 Dungeon Crawl Stone Soup version 0.28-a0-1613-gdaab1c2f9b (webtiles) character file.

Game seed: 8781571454801261830

28 vineage the Skirmisher (level 3, -2/24 HPs)
             Began as a Gargoyle Fighter on Jan 21, 2022.
             Slain by Sigmund (10 damage)
             ... on level 2 of the Dungeon.
             The game lasted 00:00:54 (1210 turns).

vineage the Skirmisher (Gargoyle Fighter)           Turns: 1210, Time: 00:00:54

Health: -2/24      AC: 11    Str: 19    XL:     3   Next: 12%
Magic:  3/3        EV:  9    Int:  8    God:
Gold:   13         SH:  4    Dex: 11    Spells: 2/2 levels left

rFire   . . .      SeeInvis .   a - +1 flail
rCold   . . .      Faith    .   c - +0 buckler
rNeg    + . .      Spirit   .   b - +0 scale mail
rPois   ∞          Reflect  .   (no helmet)
rElec   +          Harm     .   (no cloak)
rCorr   .          Rampage  .   f - +0 pair of gloves
Will    .....                   (no boots)
Stlth   ..........              (no amulet)
HPRegen 0.08/turn               (no ring)
MPRegen 0.08/turn               (no ring)

@: mighty
A: sickness immunity, AC +3, negative energy resistance 1, electricity
resistance, torment resistance 1, petrification resistance
a: no special abilities


You were on level 2 of the Dungeon.
You visited 1 branch of the dungeon, and saw 2 of its levels.

You collected 13 gold pieces.

Inventory:

Hand Weapons
 a - a +1 flail (weapon)
Armour
 b - a +0 scale mail (worn)
 c - a +0 buckler (worn)
 f - a +0 pair of gloves (worn)
Scrolls
 e - a scroll of torment {unknown}
 g - a scroll of vulnerability {unknown}
 h - a scroll of noise {unknown}


   Skills:
 * Level 3.8 Fighting
 + Level 2.3 Maces & Flails
 + Level 3.5 Armour
 + Level 3.5 Shields


You had 2 spell levels left.
You didn't know any spells.
Your spell library was empty.

Dungeon Overview and Level Annotations

Branches:
Dungeon (2/15)

Altars:

Annotations:
D:2 Sigmund


Innate Abilities, Weirdness & Mutations

You are immune to sickness and miasma.
Your stone body is resilient. (AC +3)
You are immune to poison.
You resist negative energy. (rN+)
You are resistant to electric shocks. (rElec)
You are resistant to unholy torment.
You are immune to petrification.


Message History

You block the dart slug's attack.
You thump the dart slug!
You kill the dart slug!
You have reached level 3!
Your experience leads to an increase in your attributes!
Increase (S)trength, (I)ntelligence, or (D)exterity?
You feel agile. x2
You hit the endoplasm.
The endoplasm is heavily wounded.
You block the endoplasm's attack.
You hit the endoplasm.
You kill the endoplasm!
No target in view!
No target in view!
No target in view!
No target in view!
No target in view!
HP restored.
Sigmund the Dreaded comes into view.
He is wielding a +2 vampiric scythe.
Sigmund shouts!
A giant cockroach comes into view.
There are monsters nearby!
Sigmund drinks a potion.
Sigmund seems to speed up.
You open the door.
Sigmund gestures wildly while chanting.
Sigmund flickers and vanishes!
Deactivating autopickup; reactivate with Ctrl-A.
There is an open door here.
You barely miss the giant cockroach. The giant cockroach barely misses you.
Something hits you.
The giant cockroach bites you but does no damage.
You thump the giant cockroach!
You kill the giant cockroach!
Something hits you.
You feel very mighty all of a sudden. Something hits you! Something hits you.
Something hits you.
You miss something. Something hits you but does no damage. Something hits you!
You die...

#.......#
#.......#
#.......#
#.......#
#......@#
#.......#
.##.......#
.....(....###
...........@#
..........#.#
......†...#'###
####..........###
................#
..............#.#
......###.##### #
......###.#
......†.[.##


There were no monsters in sight!

Vanquished Creatures
  A dart slug (D:2)
  3 ball pythons
  A bat (D:1)
  6 endoplasms
  2 giant cockroaches
  2 hobgoblins (D:1)
  A quokka (D:1)
  2 frilled lizards (D:1)
  2 kobolds (D:1)
  3 rats (D:1)
23 creatures vanquished.

Notes
Turn   | Place    | Note
-------+----------+-------------------------------------------
     0 | D:1      | vineage the Gargoyle Fighter began the quest for the Orb.
     0 | D:1      | Reached XP level 1. HP: 14/14 MP: 1/1
   259 | D:1      | Reached XP level 2. HP: 19/19 MP: 2/2
  1173 | D:2      | Reached XP level 3. HP: 22/24 MP: 3/3
  1197 | D:2      | Noticed Sigmund
  1210 | D:2      | Slain by Sigmund

Illustrated notes

Levels and vault maps discovered:
D:1:      roderic_chinese_lattice_arrival, layout_loops_ring
D:2:      kennysheep_the_goblin_king, layout_basic, uniq_sigmund

Action                   || total
-------------------------++-------
Melee: Flail             ||    76
  Use: Scroll            ||     1
       Potion            ||     1
Armor: Scale mail        ||    46
Dodge: Dodged            ||    45
Block: Buckler           ||    23

Table legend: (Time is in decaauts)
 A = Elapsed time spent in this place.
 B = Non-inter-level travel time spent in this place.
 C = Inter-level travel time spent in this place.
 D = Time resting spent in this place.
 E = Time spent auto-exploring this place.
 F = Levels seen in this place.
 G = Mean time per level.
                   A        B        C        D        E       F      G
               +--------+--------+--------+--------+--------+-----+--------+
         Total |   1234 |   1180 |     54 |      0 |    988 |   2 |  617.0 |
       Dungeon |   1234 |   1180 |     54 |      0 |    988 |   2 |  617.0 |
               +--------+--------+--------+--------+--------+-----+--------+

Top non-repeatable levels by time:
     D:1: 1181 daAuts
     D:2: 53 daAuts
